 Dungeon Crawl Stone Soup version 0.18.1-50-g88ac8fd (webtiles) character file.

81676 sleepydude the Bludgeoner (level 15, -2/141 HPs)
             Began as a Minotaur Berserker on Oct 16, 2016.
             Was the Champion of Trog.
             Slain by a merfolk
             ... wielding a +0 trident
              (8 damage)
             ... on level 1 of the Shoals.
             The game lasted 01:12:20 (23645 turns).

sleepydude the Bludgeoner (Minotaur Berserker)     Turns: 23645, Time: 01:12:20

Health: -2/141     AC: 36    Str: 30    XL:     15   Next: 27%
Magic:  14/14      EV: 12    Int:  4    God:    Trog [******]
Gold:   1363       SH:  2    Dex: 10    Spells: 0 memorised, 14 levels left

rFire  . . .     SeeInvis .     R - +2 eveningstar (protect)
rCold  . . .     Gourm    .     T - +8 chain mail "Koew" {+Blink Str+2}
rNeg   . . .     Faith    .     (no shield)
rPois  .         Spirit   .     e - +1 hat
rElec  .         Dismiss  .     y - +0 cloak
rCorr  .         Reflect  +     V - +2 pair of gloves
SustAt .         Harm     .     (no boots)
MR     ++...                    P - +2 amulet of reflection
Stlth  ..........               H - +5 ring of protection
                                A - ring of protection from magic

@: mesmerised, heavily drained, very resistant to hostile enchantments,
extremely unstealthy
A: retaliatory headbutt, horns 2
a: Berserk, Trog's Hand, Brothers in Arms, Burn Spellbooks, Renounce Religion,
Evoke Blink


You were on level 1 of the Shoals.
You worshipped Trog.
Trog was exalted by your worship.
You were not hungry.

You visited 4 branches of the dungeon, and saw 22 of its levels.
You visited the Abyss 1 time.
You also visited: Labyrinth and Bailey.

You collected 2332 gold pieces.
You spent 969 gold pieces at shops.

Inventory:

Hand Weapons
 o - a +2 morningstar of draining
 E - a +3 flail
 Q - a +1 antimagic mace
 R - a +2 eveningstar of protection (weapon)
 W - the +9 demon whip of Qeghutuy {vamp, *Corrode rF+ rN+ Str+6}
   (Trog gifted it to you on level 2 of the Orcish Mines)

   It inflicts no extra harm, but heals its wielder somewhat when it strikes a
   living foe.
   It affects your strength (+6).
   It protects you from fire.
   It protects you from negative energy.
   It may corrode you when you take damage.
Armour
 e - a +1 hat (worn)
 p - a +0 buckler
 v - the +5 ring mail of Ranegh {rPois rCorr Dex-4}
   (You took it off a minotaur in a labyrinth)

   It affects your dexterity (-4).
   It protects you from poison.
   It protects you from acid and corrosion.
 y - a +0 cloak (worn)
 T - the +8 chain mail "Koew" (worn) {+Blink Str+2}
   (You found it in a labyrinth)

   It affects your strength (+2).
   It lets you blink.
 V - a +2 pair of gloves (worn)
Jewellery
 j - an uncursed amulet of guardian spirit
 A - a ring of protection from magic (left hand)
 H - a +5 ring of protection (right hand)
 I - an uncursed ring of see invisible
 K - a +4 ring of dexterity
 P - a +2 amulet of reflection (around neck)
Scrolls
 d - 2 scrolls of enchant weapon
 h - 6 scrolls of enchant armour
 i - a scroll of holy word {unknown}
 k - 4 scrolls of fear {unknown}
 n - 10 scrolls of remove curse
 q - 8 scrolls of identify
 t - 7 scrolls of teleportation
 w - a scroll of recharging
 x - 6 scrolls of magic mapping
 D - a scroll of random uselessness {unknown}
 F - 6 scrolls of blinking {unknown}
 J - 4 scrolls of immolation {unknown}
 L - 2 scrolls of fog
 M - 2 scrolls of acquirement {unknown}
 O - a scroll of vulnerability {unknown}
Potions
 b - 5 potions of heal wounds
 f - 12 potions of curing
 g - 9 potions of flight
 m - a potion of magic
 r - a potion of might
 u - 4 potions of haste
 z - 4 potions of agility {unknown}
 B - a potion of berserk rage {unknown}
 C - a potion of lignification {unknown}
 G - 2 potions of invisibility {unknown}
 S - a potion of cancellation {unknown}
Books
 U - a book of Unlife

   Spells                             Type                      Level
   a - Recall                         Summoning/Translocation      3
   b - Animate Dead                   Necromancy                   4
   c - Control Undead                 Necromancy                   4
   d - Cigotuvi's Embrace             Necromancy                   5
   e - Death Channel                  Necromancy                   6
   f - Simulacrum                     Ice/Necromancy               6
   Trog disapproves of the use of such an item.
Comestibles
 a - 10 royal jellies
 c - 10 bread rations
 l - 6 meat rations
 s - 19 beef jerkies
 N - 5 fruits


   Skills:
 + Level 15.2(13.0) Fighting
 + Level 15.3(13.1) Maces & Flails
 + Level 15.1(12.9) Armour
 + Level 11.0(9.0) Dodging
 + Level 14.8(12.6) Shields


You had 14 spell levels left.
You didn't know any spells.

Dungeon Overview and Level Annotations

Branches:
Dungeon (11/15)            Temple (0/1) D:7            Lair (8/8) D:9
 Shoals (1/4) Lair:3        Snake (0/4) Lair:6        Slime (0/6) Lair:7
    Orc (2/2) D:9             Elf (0/3) Orc:2

Altars:
Ashenzari
Dithmenos
Nemelex Xobeh
Okawaru
Qazlal
Ru
Sif Muna
Trog
Xom
Yredelemnul
Beogh
Jiyva

Shops:
D:5 =   Orc:2 }?%[   Shoals:1 *

Annotations:
Lair:5 exclusion: 4 oklob plants


Innate Abilities, Weirdness & Mutations

You reflexively headbutt those who attack you in melee.
You have a pair of horns on your head.


Message History

The sea snake bites you!
* * * LOW HITPOINT WARNING * * *
The faun casts a spell at you. You resist with almost no effort.
The siren chants its luring song.
The water elemental hits you!
* * * LOW HITPOINT WARNING * * *
The merfolk hits you but does no damage.
The manticore bites you but does no damage.
The manticore claws you but does no damage.
The manticore barely misses you.
You impale the water elemental!!
You destroy the water elemental!
You gasp with relief as air once again reaches your lungs.
The sea snake bites you but does no damage.
The faun points at you and mumbles some strange words.
You resist with almost no effort.
The siren chants its luring song.
The merfolk hits you from afar with a trident!
You die...

≈≈≈≈≈≈≈≈≈≈≈≈≈≈≈≈
≈≈≈≈≈≈≈≈≈≈≈≈≈≈≈≈≈
≈≈≈≈≈≈≈≈≈≈≈≈≈≈≈(.
≈≈≈≈≈≈≈≈≈≈≈≈≈≈≈≈c
≈≈≈≈≈...≈(≈≈≈≈≈≈≈
≈≈≈≈%...<≈≈≈≈≈≈≈≈
≈≈......c.≈≈≈≈≈≈≈
≈.......cm≈≈≈≈≈≈.
≈....m.@S.≈≈≈≈≈≈.
≈..:....Hm≈≈≈≈≈≈.
≈.....(...≈≈≈≈≈≈.
≈.........≈≈(≈≈≈.
≈≈........≈≈≈≈≈≈
≈≈≈.(..m..≈≈≈≈≈≈
≈≈≈≈......≈≈≈≈≈≈
≈≈≈≈≈≈..≈≈≈≈≈≈≈.


You could see a sea snake, a merfolk aquamancer, a merfolk, 2 fauns, a manticore
and 2 sirens.

Vanquished Creatures
  Gastronok (Lair:1)
  Maud (Lair:7)
  The ghost of catbreads the Martial Artist, a journeyman OpMo of Cheibriados (Lair:4)
  An ettin (Orc:2)
  A minotaur (Lab)
  Harold (Lair:2)
  9 hydras
  4 ogre magi (Orc:2)
  The ghost of Aguirre the Cleaver, a novice MiBe of Trog (D:10)
  A dancing weapon (Orc:2)
  An orc high priest (Orc:2)
  9 death yaks
  Nergalle (Orc:1)
  2 skeletal warriors
  An unseen horror (D:10)
  2 orc knights
  4 deep elf magi (Bailey)
  2 orc sorcerers (Orc:2)
  5 griffons
  A worldbinder (Abyss:2)
  Joseph (D:7)
  6 elephants
  7 black mambas
  2 torpor snails (Lair:5)
  16 spiny frogs
  3 rime drakes
  11 komodo dragons
  A queen bee (Lair:6)
  A troll (D:10)
  9 polar bears (Lair:8)
  17 two-headed ogres
  3 raiju (Lair:8)
  A slime creature (Lair:2)
  12 blink frogs
  Prince Ribbit (Lair:3)
  A spriggan (D:10)
  A wyvern (Lair:8)
  4 water elementals (Shoals:1)
  A wraith (D:11)
  Grum (D:9)
  9 hippogriffs
  41 yaks
  2 basilisks
  A hungry ghost (D:9)
  4 nagas (Lair:6)
  8 wargs
  5 hell hounds (Lair:8)
  18 porcupines
  18 water moccasins
  3 ice beasts
  A necrophage (D:7)
  3 phantoms
  18 orc warriors
  34 ogres
  13 black bears (Lair:8)
  33 wolves
  5 centaurs
  13 crocodiles
  18 giant frogs
  24 killer bees
  5 scorpions
  9 wights
  An electric eel (Lair:7)
  5 crimson imps
  A giant frog zombie (D:5)
  18 hounds
  7 jellies
  9 orc priests
  Crazy Yiuf (D:7)
  2 centaur skeletons
  A giant frog skeleton (D:9)
  Jessica (D:3)
  An iguana (D:6)
  Terence (D:2)
  14 orc wizards
  5 worker ants
  20 sheep
  A worker ant zombie (D:6)
  21 adders
  A howler monkey skeleton (D:7)
  30 river rats
  14 oozes (Lair:2)
  An adder zombie (D:9)
  An adder skeleton (D:5)
  2 worms (D:2)
  3 dart slugs
  7 giant geckos
  50 orcs
  2 ball pythons
  9 bats
  5 giant cockroaches
  8 goblins
  7 hobgoblins
  28 jackals
  4 quokkas
  A giant gecko skeleton (D:5)
  A giant gecko zombie (D:5)
  2 giant newts
  A jackal skeleton (D:6)
  7 kobolds
  3 rats
  A plant (Lair:5)
730 creatures vanquished.

Vanquished Creatures (collateral kills)
  A skeletal warrior (D:10)
1 creature vanquished.

Vanquished Creatures (others)
  An ogre (Orc:2)
  An orc priest (Orc:2)
  A bush (Lair:6)
  20 fungi
  16 plants
  7 toadstools (Lair:5)
46 creatures vanquished.

Grand Total: 777 creatures vanquished

Notes
Turn   | Place    | Note
--------------------------------------------------------------
     0 | D:1      | sleepydude the Minotaur Berserker began the quest for the Orb.
     0 | D:1      | Reached XP level 1. HP: 19/19 MP: 0/0
    92 | D:1      | Reached XP level 2. HP: 23/27 MP: 1/1
   406 | D:1      | Reached XP level 3. HP: 26/33 MP: 2/2
   553 | D:1      | Reached ** piety under Trog
   994 | D:2      | Reached XP level 4. HP: 40/40 MP: 3/3
  1237 | D:2      | Noticed Terence
  1246 | D:2      | Killed Terence
  1433 | D:3      | Reached skill level 5 in Maces & Flails
  1433 | D:3      | Reached skill level 1 in Shields
  1529 | D:3      | Reached *** piety under Trog
  1619 | D:3      | Noticed Jessica
  1624 | D:3      | Killed Jessica
  1624 | D:3      | Reached XP level 5. HP: 47/47 MP: 4/4
  1672 | D:3      | Found a sparkling altar of Nemelex Xobeh.
  1688 | D:3      | Found a bloodstained altar of Trog.
  1701 | D:3      | Found a basalt altar of Yredelemnul.
  1704 | D:3      | Found an iron altar of Okawaru.
  2184 | D:3      | Found a shattered altar of Ashenzari.
  2648 | D:4      | Reached XP level 6. HP: 51/55 MP: 5/5
  2691 | D:4      | Reached skill level 5 in Fighting
  3024 | D:5      | Entered Level 5 of the Dungeon
  3024 | D:5      | Found Cititopt's Jewellery Shop.
  3127 | D:5      | Noticed an ice beast
  3145 | D:5      | Killed an ice beast
  3145 | D:5      | Reached XP level 7. HP: 61/61 MP: 6/6
  3607 | D:5      | Found a stormy altar of Qazlal.
  3744 | D:6      | Reached skill level 5 in Armour
  3912 | D:6      | Reached **** piety under Trog
  3912 | D:6      | Reached XP level 8. HP: 59/70 MP: 5/7
  4102 | D:6      | Reached skill level 5 in Shields
  4720 | D:6      | Reached XP level 9. HP: 75/79 MP: 8/8
  4960 | D:7      | Found a sacrificial altar of Ru.
  4962 | D:7      | Reached skill level 10 in Maces & Flails
  5260 | D:7      | Noticed Joseph
  5282 | D:7      | Killed Joseph
  5298 | D:7      | Found a staircase to the Ecumenical Temple.
  5345 | D:7      | Noticed Crazy Yiuf
  5349 | D:7      | Killed Crazy Yiuf
  5677 | D:8      | Found a shimmering altar of Xom.
  5878 | D:8      | Found a flagged portal.
  5888 | Bailey   | Entered a bailey
  5896 | Bailey   | Noticed a deep elf mage
  5903 | Bailey   | Killed a deep elf mage
  5913 | Bailey   | Noticed a deep elf mage
  5914 | Bailey   | Noticed a deep elf mage
  5914 | Bailey   | Noticed a deep elf mage
  5914 | Bailey   | Noticed a deep elf mage
  5915 | Bailey   | Noticed a deep elf mage
  5919 | Bailey   | Noticed a deep elf mage
  5919 | Bailey   | Killed a deep elf mage
  5919 | Bailey   | Reached ***** piety under Trog
  5919 | Bailey   | Reached XP level 10. HP: 90/90 MP: 6/9
  5923 | Bailey   | Killed a deep elf mage
  5927 | Bailey   | Killed a deep elf mage
  6481 | D:9      | Noticed Grum
  6633 | D:9      | Killed Grum
  6844 | D:9      | Found a staircase to the Lair.
  6934 | D:9      | Found a staircase to the Orcish Mines.
  7021 | D:9      | Found a shadowy altar of Dithmenos.
  7174 | D:10     | Entered Level 10 of the Dungeon
  7249 | D:10     | Noticed Aguirre's ghost (novice MiBe)
  7300 | D:10     | Killed Aguirre's ghost
  7577 | D:10     | Noticed an unseen horror
  7583 | D:10     | Killed an unseen horror
  7806 | D:10     | Reached XP level 11. HP: 99/99 MP: 10/10
  8275 | D:11     | Noticed a skeletal warrior
  8275 | D:11     | Noticed a skeletal warrior
  8275 | D:11     | Noticed a skeletal warrior
  8275 | D:11     | Noticed a skeletal warrior
  8318 | D:11     | Killed a skeletal warrior
  8318 | D:11     | Reached skill level 10 in Fighting
  8330 | D:10     | Killed a skeletal warrior
  8353 | D:10     | Killed a skeletal warrior
  8523 | Lair:1   | Entered Level 1 of the Lair of Beasts
  8571 | Lair:1   | Noticed Gastronok
  8587 | Lair:1   | Killed Gastronok
  8587 | Lair:1   | Reached skill level 10 in Armour
  8670 | Lair:1   | Noticed a seven-headed hydra
  8690 | D:9      | Killed a seven-headed hydra
  8865 | Lair:1   | Reached skill level 10 in Shields
  8903 | Lair:1   | You fall through a shaft!
  9487 | Lair:1   | Found a deep blue altar of Sif Muna.
  9992 | D:5      | Bought a +5 ring of protection for 770 gold pieces
 10404 | Lair:2   | Reached XP level 12. HP: 104/108 MP: 11/11
 10475 | Lair:2   | Noticed Harold
 10491 | Lair:2   | Killed Harold
 10733 | Lair:2   | Reached skill level 15 in Maces & Flails
 11334 | Lair:3   | Received a gift from Trog
 11352 | Lair:3   | Noticed Prince Ribbit
 11633 | Lair:3   | Found a labyrinth entrance.
 11642 | Lab      | Entered a labyrinth
 11810 | Lab      | Noticed a minotaur
 11818 | Lab      | Killed a minotaur
 11821 | Lab      | Got a sapphire-studded ring mail
 11831 | Lab      | Got a crude chain mail
 11834 | Lab      | Identified the +5 ring mail of Ranegh {rPois rCorr Dex-4} (You took it off a minotaur in a labyrinth)
 11835 | Lab      | Identified the +8 chain mail "Koew" {+Blink Str+2} (You found it in a labyrinth)
 12197 | Lair:3   | Found a staircase to the Shoals.
 12262 | Lair:3   | Killed Prince Ribbit
 12756 | Lair:4   | Got a dazzling leather armour
 12757 | Lair:4   | Identified the +0 leather armour of Least Resistance {rF- rN+ rCorr Str+4} (You found it on level 4 of the Lair of Beasts)
 12815 | Lair:4   | Noticed a seven-headed hydra
 12851 | Lair:4   | Noticed catbreads's ghost (journeyman OpMo)
 12872 | Lair:3   | Reached skill level 5 in Dodging
 13035 | Lair:4   | Killed catbreads's ghost
 13272 | Lair:4   | Noticed a four-headed hydra
 13348 | Lair:4   | Killed a four-headed hydra
 13617 | Lair:4   | Reached XP level 13. HP: 119/119 MP: 12/12
 14589 | Lair:5   | Received a gift from Trog
 15513 | Lair:6   | Found a staircase to the Snake Pit.
 16829 | Lair:6   | Reached ****** piety under Trog
 17146 | Lair:7   | Received a gift from Trog
 17194 | Lair:7   | Noticed Maud
 17213 | Lair:7   | Killed Maud
 17246 | Lair:7   | Reached XP level 14. HP: 116/130 MP: 13/13
 17659 | Lair:7   | Found a staircase to the Slime Pits.
 17659 | Lair:7   | Found a viscous altar of Jiyva.
 18057 | Lair:8   | Entered Level 8 of the Lair of Beasts
 18589 | Lair:8   | Received a gift from Trog
 19694 | Lair:8   | Reached skill level 10 in Dodging
 19698 | Lair:8   | Received a gift from Trog
 20452 | Orc:1    | Entered Level 1 of the Orcish Mines
 20562 | Orc:1    | Found a roughly hewn altar of Beogh.
 20753 | Orc:2    | Entered Level 2 of the Orcish Mines
 21242 | Orc:2    | Received a gift from Trog
 21295 | Orc:2    | Found a staircase to the Elven Halls.
 21391 | Orc:2    | Cast into level 2 of the Abyss (an ogre mage)
 21391 | Abyss:2  | Found a corrupted altar of Lugonu.
 21505 | Orc:2    | Escaped the Abyss
 21827 | Orc:2    | Reached XP level 15. HP: 110/139 MP: 12/14
 21847 | Orc:2    | Reached skill level 15 in Fighting
 21943 | Orc:2    | Found Cetsoff's Gadget Shop.
 21943 | Orc:2    | Found Omibrok's Magic Scroll Shoppe.
 21944 | Orc:2    | Found Oxisebog's Food Shoppe.
 21944 | Orc:2    | Found Fuczui's Antique Armour Boutique.
 21976 | Orc:2    | Received a gift from Trog
 21979 | Orc:2    | Got a smoking demon whip {god gift}
 21983 | Orc:2    | Identified the +9 demon whip of Qeghutuy {vamp, *Corrode rF+ rN+ Str+6} (Trog gifted it to you on level 2 of the Orcish Mines)
 22109 | Orc:2    | Bought a pair of runed gloves for 117 gold pieces
 22115 | Orc:2    | Bought a scroll of enchant armour for 82 gold pieces
 22912 | Orc:2    | Reached skill level 15 in Armour
 23416 | Orc:1    | Found an iron altar of Okawaru.
 23418 | Orc:1    | Noticed Nergalle
 23457 | Orc:1    | Killed Nergalle
 23612 | Shoals:1 | Entered Level 1 of the Shoals
 23612 | Shoals:1 | Found Rulethag's Retail Resort.
 23644 | Shoals:1 | HP: 6/141 [water elemental (11)]
 23645 | Shoals:1 | Slain by a merfolk

Skill      XL: |  1  2  3  4  5  6  7  8  9 10 11 12 13 14 15 |
---------------+----------------------------------------------+-----
Maces & Flails | 4 5 6 8 9 11 13 14 15 | 15.3
Fighting       | 4 5 6 7 8 9 10 12 13 14 15 | 15.2
Armour         | 3 4 5 6 7 9 10 12 13 14 15 | 15.1
Shields        | 1 2 3 4 6 7 8 10 11 13 14 | 14.8
Dodging        | 5 8 10 11 | 11.0

Action                   |  1- 3 |  4- 6 |  7- 9 | 10-12 | 13-15 || total
-------------------------+-------+-------+-------+-------+-------++-------
Melee: Mace              |   116 |   150 |   188 |       |       ||   454
       Headbutt          |    12 |    22 |    47 |   143 |   369 ||   593
       Flail             |       |       |   105 |   687 |  1198 ||  1990
       Morningstar       |       |       |       |       |     2 ||     2
       Eveningstar       |       |       |       |       |   200 ||   200
Invok: Berserk           |       |     3 |     4 |    10 |     8 ||    25
       Burn Spellbooks   |       |       |     1 |       |     2 ||     3
       Brothers in Arms  |       |       |       |     2 |     1 ||     3
  Use: Scroll            |       |     3 |     1 |    17 |     2 ||    23
       Potion            |       |       |       |     2 |     4 ||     6
  Eat: Chunk             |       |     3 |    10 |    17 |    31 ||    61
       Bread ration      |       |     2 |       |     3 |     1 ||     6
       Royal jelly       |       |       |     1 |       |       ||     1
       Fruit             |       |       |       |     6 |     5 ||    11
       Beef jerky        |       |       |       |     2 |       ||     2
       Meat ration       |       |       |       |     1 |     1 ||     2
       Pizza             |       |       |       |     1 |     1 ||     2
Armor: Animal skin       |     2 |       |       |       |       ||     2
       Chain mail        |    88 |    10 |       |   115 |   748 ||   961
       Plate armour      |       |    72 |   144 |   180 |       ||   396
Dodge: Dodged            |    65 |    53 |    89 |   208 |   749 ||  1164
Block: Buckler           |       |    23 |    61 |   145 |   358 ||   587
       Other             |       |       |       |       |     2 ||     2
       Reflection        |       |       |       |       |     1 ||     1
